 Dungeon Crawl Stone Soup version 0.28.0-43-g3370ac3207 (webtiles) character file.

Game seed: 7956948756981768714

4804 saw2855 the Cleaver (level 10, -3/88 HPs)
             Began as a Minotaur Berserker on Mar 12, 2022.
             Was a High Priest of Trog.
             Slain by a komodo dragon (21 damage)
             ... on level 7 of the Dungeon on Mar 13, 2022.
             The game lasted 00:42:13 (5112 turns).

saw2855 the Cleaver (Minotaur Berserker)            Turns: 5112, Time: 00:42:14

Health: -3/88      AC: 15    Str: 32    XL:     10   Next: 24%
Magic:  9/9        EV: 12    Int:  4    God:    Trog [*****.]
Gold:   327        SH:  8    Dex: 10    Spells: 9/9 levels left

rFire   . . .      SeeInvis .   a - +4 mace
rCold   . . .      Faith    .   k - +0 kite shield
rNeg    . . .      Spirit   .   l - +0 chain mail
rPois   .          Reflect  .   (helmet restricted)
rElec   .          Harm     .   f - +0 cloak
rCorr   .          Rampage  .   h - +0 pair of gloves
Will    .....                   c - +1 pair of boots
Stlth   ..........              i - amulet of regeneration
HPRegen 1.04/turn               e - ring of Aczy {EV+4 Str+6}
MPRegen 0.11/turn               (no ring)

@: no status effects
A: horns 2, retaliatory headbutt
a: Renounce Religion, Berserk, Trog's Hand, Brothers in Arms


You were on level 7 of the Dungeon.
You worshipped Trog.
Trog was extremely pleased with you.
You visited 2 branches of the dungeon, and saw 8 of its levels.

You collected 330 gold pieces.
You spent 3 gold pieces at shops.

Inventory:

Hand Weapons
 a - a +4 mace (weapon)
 b - a +0 shortbow of flaming
Missiles
 m - 7 poisoned darts
 p - 133 arrows
 s - 6 boomerangs
Armour
 c - a +1 pair of boots (worn)
 f - a +0 cloak (worn)
 h - a +0 pair of gloves (worn)
 k - a +0 kite shield (worn)
 l - a +0 chain mail (worn)
Jewellery
 e - the ring of Aczy (left hand) {EV+4 Str+6}
   (You acquired it on level 1 of the Dungeon)

   [ring of evasion]

   EV:        It affects your evasion (+4).
   Str:       It affects your strength (+6).
 i - an amulet of regeneration (around neck)
Wands
 q - a wand of flame (3) (quivered)
 v - a wand of polymorph (3)
Scrolls
 g - a scroll of blinking
 j - a scroll of teleportation
 n - a scroll of holy word
 o - 2 scrolls of fog
 t - a scroll of identify
Potions
 d - 5 potions of curing
 r - a potion of berserk rage
 u - a potion of invisibility


   Skills:
 + Level 7.7 Fighting
 - Level 10.3(11.2) Axes
 * Level 6.8(9.5) Maces & Flails
 * Level 3.3 Bows
 * Level 4.2 Throwing
 + Level 7.3 Armour
 + Level 3.7 Dodging
 + Level 5.2 Shields
 + Level 1.3 Evocations


You had 9 spell levels left.
You didn't know any spells.
Your spell library was empty.

Dungeon Overview and Level Annotations

Branches:
Dungeon (7/15)             Temple (1/1) D:6

Altars:
Ashenzari
Cheibriados
Dithmenos
Elyvilon
Fedhas
Gozag
Hepliaklqana
Makhleb
Nemelex Xobeh
Okawaru
Qazlal
Ru
Sif Muna
Trog
Uskayaw
Vehumet
Wu Jian
Xom
Yredelemnul
Zin
The Shining One

Shops:
D:6 *


Innate Abilities, Weirdness & Mutations

You have a pair of horns on your head.
You reflexively headbutt those who attack you in melee.


Message History

a +0 dire flail; a +0 chain mail
There is a stone staircase leading up here.
The five-headed hydra closely misses you.
You block the five-headed hydra's attack.
The five-headed hydra closely misses you.
You block the five-headed hydra's attack.
The five-headed hydra barely misses you.
You climb upwards.
Reactivating autopickup.
There is a stone staircase leading down here.
The five-headed hydra bites you but does no damage.
The five-headed hydra bites you.
The five-headed hydra bites you but does no damage.
The five-headed hydra completely misses you.
The five-headed hydra bites you.
Items here: )) [[.
You block the five-headed hydra's attack.
The five-headed hydra bites you! The five-headed hydra bites you.
The five-headed hydra barely misses you. x2
There is an escape hatch in the floor here.
You block the five-headed hydra's attack.
The five-headed hydra bites you but does no damage.
You block the five-headed hydra's attack. x2
The five-headed hydra bites you.
You slide downwards.
The hatch slams shut behind you.
The komodo dragon hisses angrily.
The komodo dragon bites you!!
* * * LOW HITPOINT WARNING * * *
Found a wand of flame (18).
You block the komodo dragon's attack. The komodo dragon misses you.
You sock the komodo dragon! Your headbutt misses the komodo dragon.
The komodo dragon is moderately wounded.
You block the five-headed hydra's attack.
The five-headed hydra bites you!
* * * LOW HITPOINT WARNING * * *
The five-headed hydra closely misses you. x2
You block the five-headed hydra's attack.
The komodo dragon bites you!!
You die...

#..###### ./........
##....#...# ##..........
#........... .#
#........... .#. ♣♣
#........... .#. ♣.
##.Dl....... .#♣.♣.♣#
##.@.#.... .#..#..♣
#####.##.##.# #.#)5
#.##....# #5.♣
#############.....<.#♣ ♣.♣#
#......... .........#. ♣)o#
#........####.>.....#.♣♣♣†#
#..........##.......#..♣:.#
#.............>.....#♣.♣.♣#
#######...................#
♣W♣♣


You could see a five-headed hydra and a komodo dragon.

Vanquished Creatures
  A two-headed ogre (D:7)
  A skeletal warrior (D:7)
  Pikel (D:4)
  Grinder (D:4)
  The ghost of RascalDebosk the Gusty, an amateur TeAE (D:4)
  Menkaure (D:5)
  2 water moccasins
  2 orc warriors
  4 ice beasts
  2 black bears
  An ogre (D:5)
  3 centaurs
  2 bullfrogs
  3 scorpions
  A water moccasin skeleton (D:7)
  A killer bee (D:5)
  2 wights
  4 howler monkeys (D:7)
  A centaur zombie (D:7)
  2 jellies (D:5)
  3 hounds
  Crazy Yiuf (D:4)
  An orc priest (D:7)
  A gnoll shaman (D:6)
  A bullfrog skeleton (D:6)
  5 iguanas
  4 orc wizards
  A hound skeleton (D:5)
  Robin (D:4)
  2 howler monkey skeletons
  6 gnolls (D:6)
  11 adders
  A white imp (D:4)
  An ufetubus (D:7)
  2 adder skeletons
  2 worms
  3 dart slugs
  25 orcs
  7 ball pythons
  5 endoplasms
  4 giant cockroaches
  15 goblins
  9 hobgoblins
  3 jackals (D:3)
  5 kobolds
  6 quokkas
  2 bats
  2 frilled lizards
  7 rats
172 creatures vanquished.

Vanquished Creatures (others)
  2 fungi (D:4)
  41 plants
43 creatures vanquished.

Grand Total: 215 creatures vanquished

Notes
Turn   | Place    | Note
-------+----------+-------------------------------------------
     0 | D:1      | saw2855 the Minotaur Berserker began the quest for the Orb.
     0 | D:1      | Reached XP level 1. HP: 19/19 MP: 0/0
    60 | D:1      | Found a faded altar of an unknown god.
   143 | D:1      | Identified a scroll of acquirement
   143 | D:1      | Acquired the ring of Aczy {EV+4 Str+6}
   246 | D:1      | Reached skill level 4 in Axes
   254 | D:1      | Reached XP level 2. HP: 27/27 MP: 1/1
   654 | D:2      | Reached XP level 3. HP: 30/33 MP: 2/2
   773 | D:2      | Found a snail-covered altar of Cheibriados.
  1017 | D:2      | Reached ** piety under Trog
  1098 | D:3      | You fall into a shaft and drop 1 floor!
  1105 | D:4      | Reached skill level 5 in Axes
  1105 | D:4      | Reached XP level 4. HP: 38/41 MP: 3/3
  1147 | D:4      | Found a runed translucent door.
  1151 | D:4      | Noticed a bullfrog
  1151 | D:4      | Noticed RascalDebosk's ghost (amateur TeAE)
  1173 | D:4      | Found a shimmering blue altar of Sif Muna.
  1570 | D:3      | Found an opulent altar of Gozag.
  1882 | D:3      | Reached *** piety under Trog
  1920 | D:4      | Noticed Pikel
  1920 | D:4      | Noticed a lemure
  1920 | D:4      | Noticed a lemure
  1920 | D:4      | Noticed a lemure
  1920 | D:4      | Noticed a lemure
  1931 | D:4      | Killed Pikel
  1932 | D:4      | Reached skill level 5 in Fighting
  1932 | D:4      | Reached skill level 7 in Axes
  1932 | D:4      | Reached skill level 1 in Shields
  1932 | D:4      | Reached XP level 5. HP: 28/49 MP: 4/4
  1932 | D:4      | Reached XP level 6. HP: 32/56 MP: 5/5
  1932 | D:4      | Reached XP level 7. HP: 35/61 MP: 6/6
  1959 | D:4      | Noticed Robin
  1967 | D:4      | Killed Robin
  2108 | D:4      | Found a runed translucent door.
  2109 | D:4      | Noticed Crazy Yiuf
  2114 | D:4      | Killed Crazy Yiuf
  2363 | D:4      | Noticed Grinder
  2370 | D:4      | Reached skill level 8 in Axes
  2370 | D:4      | Reached skill level 5 in Armour
  2373 | D:4      | Killed Grinder
  2374 | D:4      | Reached XP level 8. HP: 64/71 MP: 7/7
  2632 | D:4      | Killed RascalDebosk's ghost
  2633 | D:4      | Reached skill level 9 in Axes
  2721 | D:5      | Entered Level 5 of the Dungeon
  3202 | D:5      | Found a basalt altar of Yredelemnul.
  3203 | D:5      | Found a broken altar of Ashenzari.
  3277 | D:5      | Found a radiant altar of Vehumet.
  3323 | D:5      | Noticed Menkaure
  3328 | D:5      | Killed Menkaure
  3329 | D:5      | Reached skill level 1 in Throwing
  3352 | D:5      | Reached **** piety under Trog
  3360 | D:5      | Reached skill level 10 in Axes
  3403 | D:5      | Reached XP level 9. HP: 79/79 MP: 8/8
  3929 | D:6      | Reached skill level 1 in Maces & Flails
  4044 | D:6      | Found Viriu's CLEARANCE SALE!.
  4072 | D:6      | Bought 17 arrows for 3 gold pieces
  4180 | D:6      | Found a staircase to the Ecumenical Temple.
  4203 | Temple   | Entered the Ecumenical Temple
  4615 | D:6      | Reached skill level 1 in Bows
  4832 | D:7      | Reached skill level 1 in Evocations
  4858 | D:7      | Reached ***** piety under Trog
  4982 | D:7      | Noticed a skeletal warrior
  4988 | D:7      | Reached skill level 5 in Maces & Flails
  4995 | D:7      | Killed a skeletal warrior
  4996 | D:7      | Reached skill level 5 in Shields
  4996 | D:7      | Reached XP level 10. HP: 86/86 MP: 9/9
  5025 | D:7      | Noticed a two-headed ogre
  5029 | D:7      | Noticed a five-headed hydra
  5044 | D:7      | Killed a two-headed ogre
  5112 | D:7      | Slain by a komodo dragon

Illustrated notes

Levels and vault maps discovered:
D:1:      roderic_dead_forest, layout_rooms,
          hellmonk_ecumenical_altar_pennies_from_heaven
D:2:      layout_loops_ring, basic_altar
D:3:      layout_basic, mainiacjoe_overflow_tiny_flanked, minmay_cut_off
D:4:      layout_cave_pools, nicolae_overflow_crystal_walls,
          ebering_ghost_inner_flame, serial_park, serial_park_square3
          [serial_park_minivault_5x5_5], serial_park_square2,
          serial_park_tiny_2, serial_park_square3 [serial_park_minivault_5x5_1],
          uniq_grinder, uniq_robin, uniq_crazy_yiuf_cottage, uniq_pikel
D:5:      minmay_clustersquares, layout_basic, vehumet_altar_wand_db,
          nicolae_overflow_squiral, minmay_circle_x, uniq_menkaure
D:6:      layout_loops_ring, minmay_temple_entry_glass, minivault_24,
          nicolae_shop_clearance
D:7:      nzn_winding_woodlands_large [nzn_winding_woodlands_5x5_checkerboard,
          nzn_winding_woodlands_5x15_twine, nzn_winding_woodlands_5x5_cross,
          nzn_winding_woodlands_center_pierced_h,
          nzn_winding_woodlands_15x15_five_gardens,
          nzn_winding_woodlands_center_diamonds,
          nzn_winding_woodlands_5x5_three, nzn_winding_woodlands_5x15_zeroes,
          nzn_winding_woodlands_5x5_closed_star], layout_rooms,
          mainiacjoe_overflow_surrounded_room, grunt_ministairs_9
Temple:   compressed_dpeg_circular_temple

Skill      XL: |  1  2  3  4  5  6  7  8  9 10 |
---------------+-------------------------------+-----
Axes           | 4 5 7 8 10 | 10.3
Fighting       | 4 5 6 7 |  7.7
Armour         | 4 5 6 7 |  7.3
Shields        | 1 3 4 5 |  5.2
Dodging        | 3 |  3.7
Throwing       | 1 3 4 |  4.2
Maces & Flails | 6 |  6.8
Bows           | 2 3 |  3.3
Evocations     | 1 |  1.3

Action                   |  1- 3 |  4- 6 |  7- 9 | 10-12 || total
-------------------------+-------+-------+-------+-------++-------
Melee: Hand axe          |    61 |    52 |   163 |       ||   276
       Headbutt          |     4 |    13 |    43 |     8 ||    68
       Punch             |     2 |       |       |       ||     2
       Mace              |       |       |   101 |    45 ||   146
 Fire: Shortbow          |       |       |    13 |       ||    13
Throw: Boomerang         |       |       |     6 |       ||     6
Invok: Berserk           |       |       |     2 |       ||     2
Evoke: Wand              |       |       |    18 |       ||    18
  Use: Scroll            |     6 |     3 |     6 |       ||    15
Armor: Ring mail         |     1 |       |       |       ||     1
       Scale mail        |    12 |     6 |       |       ||    18
       Chain mail        |       |    25 |   106 |    32 ||   163
Dodge: Dodged            |    33 |    41 |   122 |    36 ||   232
Block: Kite shield       |       |    18 |    95 |    24 ||   137
